 Dungeon Crawl Stone Soup version 0.25-a0-547-g27a0b5d1ef (webtiles) character file.

Game seed: 11843761026024837337, levelgen mode: deterministic

1260 Emblim88 the Agent of Entropy (level 8, -3/62 HPs)
             Began as a Demonspawn Abyssal Knight on Feb 22, 2020.
             Was a Priest of Lugonu.
             Slain by an ogre zombie
             ... wielding a +0 giant spiked club of venom
              (6 damage)
             ... on level 6 of the Dungeon.
             The game lasted 00:14:44 (6379 turns).

Emblim88 the Agent of Entropy (DsAK)                Turns: 6379, Time: 00:14:44

Health: -3/62      AC:  9    Str: 19 (20) XL:     8   Next: 27%
Magic:  13/13      EV: 12    Int: 11 (13) God:    Lugonu [***...]
Gold:   359        SH:  0    Dex: 10 (13) Spells: 7/7 levels left

rFire    . . .     SeeInvis .   a - +1 spear
rCold    . . .     Gourm    .   (no shield)
rNeg     . . .     Faith    .   g - +0 ring mail (curse)
rPois    .         Spirit   .   (helmet restricted)
rElec    .         Reflect  .   o - scarf {repulsion}
rCorr    .         Harm     .   (no gloves)
MR       .....     Rnd*Tele +   m - +2 pair of boots
Stlth    ++........             B - amulet of regeneration
HPRegen  0.60/turn              (no ring)
MPRegen  0.13/turn              (no ring)

@: mighty, lethally poisoned (-3 -> -11), stab, repel missiles
A: horns 2, high mp 1, nightstalker 1, powered by pain 1, teleportitis 1, sturdy
frame 1
a: Depart the Abyss, Bend Space, Banish, Renounce Religion


You were on level 6 of the Dungeon.
You worshipped Lugonu.
Lugonu was most pleased with you.
You were very hungry.

You visited 1 branch of the dungeon, and saw 6 of its levels.
You visited the Abyss 1 time.

You collected 359 gold pieces.

Inventory:

Hand Weapons
 a - a +1 spear (weapon)
 x - a +0 arbalest
Missiles
 h - 16 poisoned darts (quivered)
 l - 225 stones
 y - 61 bolts
Armour
 e - a +0 plate armour
 g - a cursed +0 ring mail (worn)
 m - a +2 pair of boots (worn)
 o - a scarf of repulsion (worn)
Jewellery
 B - an amulet of regeneration (around neck)
Wands
 p - a wand of clouds (3)
 D - a wand of paralysis (11)
Scrolls
 f - 2 scrolls of remove curse
 n - a scroll of fear
 r - 3 scrolls of teleportation
 u - a scroll of enchant armour
 v - a scroll of magic mapping
 w - a scroll of immolation
 A - 2 scrolls of enchant weapon {unknown}
Potions
 j - a potion of ambrosia {unknown}
 q - 3 potions of brilliance
 s - a potion of lignification
 z - 2 potions of resistance
Comestibles
 c - 11 rations


   Skills:
 + Level 5.0 Fighting
 + Level 3.9 Polearms
 + Level 2.7 Crossbows
 + Level 4.0 Armour
 + Level 3.4 Dodging
 + Level 5.4 Invocations
 + Level 3.0 Evocations


You had 7 spell levels left.
You didn't know any spells.
Your spell library contained the following spells:

 Spells                   Type           Power        Failure   Level  Hunger
 Beastly Appendage        Tmut           #.....       41%         1    ##.....
 Summon Small Mammal      Summ           #...         41%         1    ##.....
 Call Imp                 Summ           #.......     56%         2    ###....
 Sticks to Snakes         Tmut           #.......     56%         2    ###....
 Call Canine Familiar     Summ           #.......     80%         3    ####...
 Spider Form              Tmut/Pois      #.........   80%         3    ####...
 Summon Guardian Golem    Hex/Summ       #.......     80%         3    ####...
 Ice Form                 Ice/Tmut       #.......     99%         4    #####..
 Summon Ice Beast         Ice/Summ       #.......     99%         4    #####..
 Summon Lightning Spire   Summ/Air       #.......     99%         4    #####..
 Blade Hands              Tmut           #.........   100%        5    ######.


Dungeon Overview and Level Annotations

Branches:
Dungeon (6/15)             Temple (0/1) D:5

Altars:
Kikubaaqudgha
Trog
Yredelemnul
Zin

Annotations:
D:6 1 transporter
Abyss:1 Sigmund


Innate Abilities, Weirdness & Mutations

You have a pair of horns on your head.
You are slightly more attuned to the shadows.
You sometimes gain a little power by taking damage.
Your movements are slightly less encumbered by armour. (ER -2)
You have an increased reservoir of magic. (+10% MP)
You are occasionally teleported next to monsters.


Message History

You feel very sick.
It was a potion of stabbing.
You feel ready to backstab.
* * * LOW HITPOINT WARNING * * *
You feel very sick.
The orc warrior zombie hits you but does no damage.
You are more poisoned.
The ogre zombie hits you with a +0 giant spiked club of venom.
* * * LOW HITPOINT WARNING * * *
You are more poisoned.
The gnoll sergeant zombie hits you but does no damage.
It was a potion of curing.
You feel better.
The orc warrior zombie hits you with a +1 long sword of venom.
* * * LOW HITPOINT WARNING * * *
You are poisoned.
The gnoll sergeant zombie hits you from afar with a +2 trident of venom!
* * * LOW HITPOINT WARNING * * *
You are lethally poisoned!
The ogre zombie hits you with a +0 giant spiked club of venom.
You die...

.....##.#########.####.#.#.#
.######.# #.##.#.#.#.# .#
#.# #....#...#.# .# #.#
##########.# ## #.#
########○°○☼° #.#
#.###○○°°°○#°°○°○# #.#
#...#°°°○☼°#☼○○○○###.#
#...#○☼#.#.ZZ☼.$%#...#
#..©#○°©..@○°°."©#©..# ####
#...#°☼#.#.Z○°.$=#...# ###
...#
#...#°°○°°○#☼☼☼☼○###.####.#
...#
#...#°☼°°°○#°°°☼○###.#....#
...#
#...########.°☼○°#...#.##.#
...#
#...#....#########.###.##.#
...#
#...#.##.#.............##.#
...#
#...#.##.#####....##.#....#
...#
#...#......................


You could see a gnoll sergeant zombie, an orc warrior zombie and an ogre zombie.

Vanquished Creatures
  An ice beast (D:6)
  A necrophage (D:5)
  A phantom (D:4)
  3 ogres (D:5)
  2 bullfrogs
  A howler monkey (D:6)
  A centaur zombie (D:6)
  A crimson imp (D:5)
  2 orc priests
  A hound (D:5)
  An orc wizard (D:4)
  A bullfrog skeleton (D:4)
  A worker ant (D:6)
  An ogre zombie (D:6)
  3 gnolls (D:6)
  6 adders
  A shadow imp (D:6)
  2 oozes
  An adder skeleton (D:4)
  3 worms (D:2)
  2 dart slugs
  5 leopard geckos
  12 orcs
  3 giant cockroaches
  4 goblins
  8 hobgoblins
  6 jackals
  2 quokkas
  2 ball pythons (D:2)
  12 bats
  2 frilled lizards (D:1)
  8 kobolds
  A leopard gecko zombie (D:5)
  4 rats
105 creatures vanquished.

Notes
Turn   | Place    | Note
-------+----------+-------------------------------------------
     0 | Abyss:1  | Emblim88 the Demonspawn Abyssal Knight began the quest for
                  | the Orb.
     0 | Abyss:1  | Reached XP level 1. HP: 18/18 MP: 2/2
    33 | D:1      | Escaped the Abyss
    99 | D:1      | Reached skill level 1 in Dodging
   133 | D:1      | Gained mutation: You have a pair of small horns on your
                  | head. [demonic ancestry]
   133 | D:1      | Reached XP level 2. HP: 24/24 MP: 4/4
   667 | D:1      | Reached ** piety under Lugonu
   667 | D:1      | Gained mutation: Your movements are slightly less
                  | encumbered by armour. (ER -2) [demonic ancestry]
   667 | D:1      | Reached XP level 3. HP: 25/29 MP: 5/5
  1711 | D:2      | Gained mutation: You have a pair of horns on your head.
                  | [demonic ancestry]
  1711 | D:2      | Reached XP level 4. HP: 32/35 MP: 6/6
  2290 | D:3      | Found a bloodstained altar of Trog.
  2710 | D:3      | Noticed a bullfrog
  2717 | D:3      | Killed a bullfrog
  2717 | D:3      | Gained mutation: You are slightly more attuned to the
                  | shadows. [demonic ancestry]
  2717 | D:3      | Reached XP level 5. HP: 37/42 MP: 7/7
  3019 | D:4      | Reached skill level 1 in Evocations
  3022 | D:4      | Reached skill level 1 in Crossbows
  3234 | D:3      | Reached XP level 6. HP: 8/48 MP: 8/8
  3811 | D:4      | Found a basalt altar of Yredelemnul.
  4360 | D:5      | Entered Level 5 of the Dungeon
  4554 | D:5      | Gained mutation: You sometimes gain a little power by
                  | taking damage. [demonic ancestry]
  4554 | D:5      | Reached XP level 7. HP: 54/54 MP: 10/10
  4629 | D:5      | Reached *** piety under Lugonu
  4781 | D:5      | Found a staircase to the Ecumenical Temple.
  5334 | D:6      | Reached skill level 5 in Invocations
  5358 | D:6      | Noticed Sigmund
  5370 | D:6      | Banished Sigmund
  5577 | D:6      | Found a glowing silver altar of Zin.
  5578 | D:6      | Found an ancient bone altar of Kikubaaqudgha.
  5615 | D:6      | Reached XP level 8. HP: 61/61 MP: 11/11
  5655 | D:6      | Found a transporter.
  5764 | D:6      | Reached skill level 5 in Fighting
  5898 | D:6      | Found a transporter.
  6279 | D:6      | Gained mutation: You are occasionally teleported next to
                  | monsters. [potion of mutation]
  6279 | D:6      | Gained mutation: You have an increased reservoir of magic.
                  | (+10% MP) [potion of mutation]
  6378 | D:6      | HP: 1/62 [ogre zombie/+0 giant spiked club of venom (6)]
  6379 | D:6      | Slain by an ogre zombie

Levels and vault maps discovered:
D:1:      dpeg_arrival_shrine, layout_loops_corners
D:2:      layout_basic, first_ration
D:3:      layout_rooms, bloody_trog
D:4:      layout_cave_pods, yredelemnul_altar_generic
D:5:      layout_basic, minmay_temple_entry_mist, minivault_11,
          serial_bayou_pond_a
D:6:      gammafunk_cloud_chamber, layout_basic, grunt_temple_overflow_open,
          skrybe_limestone_x, grunt_ministairs_10, uniq_sigmund

Skill      XL: |  1  2  3  4  5  6  7  8 |
---------------+-------------------------+-----
Dodging        | 1 2 3 |  3.4
Polearms       | 2 3 |  3.9
Armour         | 2 3 4 |  4.0
Invocations    | 3 4 5 |  5.4
Evocations     | 1 2 3 |  3.0
Crossbows      | 1 2 |  2.7
Fighting       | 4 5 |  5.0

Action                   |  1- 3 |  4- 6 |  7- 9 || total
-------------------------+-------+-------+-------++-------
Melee: Spear             |   139 |    70 |    13 ||   222
       Headbutt          |    21 |     8 |       ||    29
 Fire: Arbalest          |       |    53 |    72 ||   125
Throw: Dart              |    11 |       |       ||    11
Invok: Banish            |       |       |     1 ||     1
Evoke: Wand              |       |     1 |     1 ||     2
  Use: Scroll            |       |     6 |     1 ||     7
       Potion            |       |     2 |     7 ||     9
  Eat: Chunk             |     3 |     8 |     5 ||    16
Armor: Ring mail         |    35 |    32 |    23 ||    90
Dodge: Dodged            |    49 |    51 |    35 ||   135
       Deflected         |     1 |     1 |       ||     2

Table legend:
 A = Non-vault XP
 B = Vault XP
 C = Vault XP percentage of total XP
 D = Non-vault monster count
 E = Vault monster count
 F = Vault count percentage of total count
                 A         B        C        D         E       F
            +---------+---------+-------+---------+---------+-------
      Total |    1577 |     223 |  12.4 |     103 |       3 |   2.8
            +---------+---------+-------+---------+---------+-------
        D:1 |      44 |       0 |   0.0 |      22 |       0 |   0.0
        D:2 |      84 |       0 |   0.0 |      28 |       0 |   0.0
        D:3 |     182 |       0 |   0.0 |      19 |       0 |   0.0
        D:4 |     276 |       0 |   0.0 |       9 |       0 |   0.0
        D:5 |     608 |       0 |   0.0 |      13 |       0 |   0.0
        D:6 |     383 |     223 |  36.8 |      12 |       3 |  20.0
            +---------+---------+-------+---------+---------+-------
